Map: Tokamak LE

Players

herO - Winner!

  • Race: Protoss Protoss
  • Spawn Location: 7:00

Rogue

  • Race: Zerg Zerg
  • Spawn Location: 1:00

Event: DreamHack Dallas 2025

VOD

Have the link to the VOD?

Description

Time

  • Played on: May 24, 2025, 4:18 p.m.
  • Length: 8:23

All games in this series

Show
View Real Time Build Order
Export as new Build Order

herO Protoss - Winner!

Build Orders: 1 Gate Expand, Oracle Opening, Zealot Archon 

Get SALT Encoding   

  12  0:01  Probe  
  13  0:13  Probe  
  14  0:20  Pylon  
  14  0:25  Probe  
  15  0:35  Probe  
  15  0:42  Gateway  
  16  0:43  Probe  
  17  0:50  Assimilator  
  17  0:53  Probe  
  18  1:05  Probe  
  19  1:17  Probe  
  20  1:28  Nexus  
  20  1:38  Cybernetics Core  
  20  1:41  Probe  
  21  1:48  Assimilator  
  21  1:53  Probe  
  22  1:56  Pylon  
  22  2:05  Probe, Adept  
  25  2:17  Probe  
  25  2:20  Stargate  
  26  2:25  Adept  
  26  2:29  Warp Gate, Probe  
  27  2:36  Probe  
  29  2:41  Probe  
  31  2:44  Probe  
  32  2:53  Probe  
  32  2:54  Probe, Adept  
  32  2:56  Oracle  
  37  3:05  Probe  
  37  3:06  Probe  
  37  3:10  Pylon  
  41  3:17  Probe  
  41  3:19  Probe  
  43  3:26  Adept  
  45  3:29  Oracle, Probe  
  45  3:31  Probe  
  48  3:46  Nexus  
  48  3:49  Probe x2  
  48  3:53  Pylon  
  50  4:01  Probe x2  
  52  4:10  Assimilator  
  52  4:11  Oracle, Assimilator  
  52  4:15  Probe x2  
  57  4:18  Pylon  
  57  4:23  Adept  
  57  4:27  Probe x2  
  57  4:39  Probe x2  
  57  4:42  Twilight Council  
  57  4:43  Forge  
  59  4:50  Gateway  
  59  4:51  Gateway  
  59  4:53  Gateway  
  59  4:54  Probe  
  59  4:55  Adept  
  59  4:57  Probe x2  
  64  5:02  Probe  
  65  5:09  Probe x2  
  65  5:10  Pylon  
  65  5:11  Protoss Ground Weapons Level 1  
  65  5:12  Probe  
  67  5:16  Adept  
  70  5:21  Probe x2, Shield Battery  
  70  5:24  Probe, Charge  
  73  5:28  Robotics Facility  
  73  5:34  Probe x2  
  75  5:36  Templar Archives  
  75  5:42  Probe  
  76  5:45  Assimilator  
  76  5:46  Probe x2, Assimilator  
  78  5:54  Probe  
  78  5:55  Pylon  
  79  5:58  Probe x2  
  79  6:01  Pylon  
  81  6:05  Pylon  
  81  6:06  Probe  
  81  6:07  Zealot x2  
  81  6:08  Gateway, Zealot x2  
  81  6:09  Immortal  
  81  6:10  Probe  
  91  6:14  Probe  
  91  6:16  Pylon  
  92  6:23  Psionic Storm  
  96  6:29  Gateway  
  96  6:31  Gateway  
  96  6:34  Pylon  
  96  6:35  High Templar x2  
  100  6:40  Photon Cannon  
  100  6:45  High Templar x2  
  100  6:47  Warp Prism  
  104  6:49  Pylon  
  104  6:52  Pylon  
  106  6:55  Gateway  
  106  7:05  High Templar  
  106  7:07  High Templar, Zealot  
  112  7:12  Pylon, Gateway  
  112  7:13  Gateway  
  112  7:14  Archon  
  112  7:16  Observer  
  112  7:18  Zealot x2  
  112  7:21  Pylon  
  116  7:28  Zealot x2  
  116  7:29  Zealot  
  123  7:36  Probe  
  123  7:37  Probe x2  
  126  7:46  High Templar x2, Zealot x2  
  126  7:47  Pylon  
  126  7:49  Zealot x3  
  126  7:50  Archon  
  144  8:05  Archon  
  126  8:07  Zealot x2  
  126  8:10  Zealot x3  
  126  8:12  Zealot x3  
  136  8:18  Zealot x2  
Show
View Real Time Build Order
Export as new Build Order

Rogue Zerg 

Build Orders: Hatch First 

Get SALT Encoding   

  12  0:00  Drone  
  13  0:08  Drone  
  13  0:14  Drone, Extractor  
  15  0:21  Overlord  
  15  0:41  Hatchery  
  14  0:45  Drone  
  14  0:48  Drone  
  16  0:52  Drone  
  16  0:56  Drone  
  18  1:05  Extractor  
  17  1:12  Spawning Pool  
  17  1:15  Drone  
  17  1:19  Drone  
  18  1:29  Drone  
  19  1:39  Drone  
  20  1:50  Overlord  
  20  1:58  Drone  
  20  1:59  Queen x2  
  25  2:02  Zergling x2  
  25  2:07  Drone  
  27  2:12  Metabolic Boost  
  27  2:15  Drone  
  28  2:18  Drone  
  29  2:25  Drone  
  29  2:26  Drone  
  31  2:44  Queen  
  31  2:46  Hatchery  
  31  2:48  Overlord  
  32  2:51  Zergling x4  
  32  2:55  Zergling x2  
  32  2:56  Zergling x2  
  36  3:00  Overlord  
  36  3:10  Drone x4  
  36  3:12  Drone  
  41  3:13  Drone  
  41  3:16  Overlord  
  42  3:23  Queen  
  43  3:28  Drone x2  
  43  3:34  Drone, Spore Crawler  
  45  3:39  Queen  
  46  3:41  Drone  
  46  3:43  Drone  
  46  3:44  Drone  
  46  3:46  Drone  
  50  3:49  Spore Crawler  
  50  3:51  Drone  
  50  3:55  Drone x2  
  52  3:56  Drone  
  52  3:59  Zergling x4  
  53  4:10  Drone  
  53  4:14  Drone x4  
  53  4:15  Drone  
  59  4:17  Drone x2  
  59  4:21  Drone  
  59  4:22  Drone  
  62  4:24  Drone  
  62  4:30  Queen  
  64  4:35  Drone x2  
  62  4:39  Drone x3  
  62  4:44  Spore Crawler  
  64  4:50  Overlord  
  64  4:51  Drone x2  
  66  4:55  Lair  
  66  5:00  Overlord  
  66  5:07  Overlord  
  66  5:08  Extractor  
  66  5:09  Extractor  
  66  5:10  Drone  
  66  5:11  Drone x6  
  66  5:13  Drone  
  71  5:18  Drone x3  
  71  5:20  Drone x3  
  77  5:23  Evolution Chamber  
  77  5:24  Drone x2  
  77  5:25  Drone  
  79  5:30  Extractor  
  79  5:34  Drone, Extractor  
  78  5:38  Drone x2  
  77  5:43  Drone x6  
  77  5:49  Drone x2  
  85  5:50  Drone  
  85  5:51  Drone  
  85  5:52  Drone  
  88  5:58  Hydralisk Den  
  88  6:00  Hatchery  
  88  6:01  Extractor  
  88  6:03  Zerg Missile Weapons Level 1  
  85  6:07  Zergling x2  
  85  6:08  Zergling x6  
  85  6:09  Overseer  
  89  6:16  Overlord x3  
  89  6:28  Spine Crawler, Grooved Spines  
  89  6:29  Hydralisk  
  90  6:34  Hydralisk x2  
  90  6:36  Hydralisk x2  
  98  6:42  Hydralisk x2  
  98  6:43  Infestation Pit  
  98  6:46  Drone x11  
  113  6:48  Overlord  
  113  6:50  Overlord  
  113  6:52  Overlord  
  113  6:55  Overlord  
  113  6:57  Drone  
  114  7:07  Hydralisk x4  
  122  7:11  Lurker Den  
  122  7:12  Extractor  
  122  7:13  Extractor  
  119  7:16  Hydralisk  
  119  7:17  Hydralisk x2  
  119  7:18  Spore Crawler  
  119  7:19  Zergling x10  
  129  7:24  Drone  
  129  7:25  Drone x2  
  129  7:28  Overseer  
  132  7:32  Zergling x10  
  132  7:36  Hydralisk, Overlord  
  136  7:41  Hydralisk  
  136  7:43  Hydralisk x2  
  136  7:44  Hydralisk  
  144  7:47  Overlord  
  144  7:50  Hydralisk x2  
  150  7:51  Overlord  
  150  7:55  Overlord x2  
  150  7:57  Overlord  
Tags
 
Add a new tag
Caveats
  • Supply blocks, unpowered buildings, or Contaminate may cause inaccurate times.
  • Supply counts are checked every 10 seconds.